 Dungeon Crawl Stone Soup version 0.26.1-11-gd32895ea62 (webtiles) character file.

Game seed: 13461898411902963285

212 Zeld the Chucker (level 5, -13/36 HPs)
             Began as an Octopode Monk on May 14, 2021.
             Mangled by an ogre
             ... wielding a +0 giant club
              (32 damage)
             ... on level 3 of the Dungeon.
             The game lasted 00:03:10 (2787 turns).

Zeld the Chucker (Octopode Monk)                    Turns: 2787, Time: 00:03:11

Health: -13/36     AC:  1    Str: 11    XL:     5   Next: 90%
Magic:  8/8        EV: 14    Int: 13    God:
Gold:   145        SH:  0    Dex: 14    Spells: 9/9 levels left

rFire    . . .     SeeInvis .   j - +4 mace (holy)
rCold    . . .     Faith    .   (no shield)
rNeg     . . .     Spirit   .   (helmet restricted)
rPois    .         Reflect  .   (no amulet)
rElec    .         Harm     .   (no ring)
rCorr    .         Rampage  .   (no ring)
Will     .....                  (no ring)
Stlth    +++.......             (no ring)
HPRegen  0.12/turn              (no ring)
MPRegen  0.11/turn              (no ring)
                                (no ring)
                                (no ring)

@: no status effects
A: almost no armour, stealthy swim, amphibious, 8 rings, constrict 8, camouflage
1, gelatinous body 1
a: no special abilities


You were on level 3 of the Dungeon.
You visited 1 branch of the dungeon, and saw 3 of its levels.

You collected 145 gold pieces.

Inventory:

Hand Weapons
 a - a +0 mace
 j - a +4 mace of holy wrath (weapon)
Missiles
 p - 10 poisoned darts (quivered)
Jewellery
 h - a +6 ring of strength {unknown}
Scrolls
 b - 2 scrolls of fog {unknown}
 e - 6 scrolls of teleportation {unknown}
 f - 3 scrolls of identify {unknown}
 g - 5 scrolls of fear {unknown}
 i - 2 scrolls of amnesia {unknown}
 n - a scroll of enchant armour {unknown}
 q - a scroll of random uselessness {unknown}
Potions
 c - 2 potions of might {unknown}
 d - 4 potions of curing {unknown}
 k - a potion of cancellation {unknown}
 l - a potion of degeneration {unknown}
 m - 2 potions of brilliance {unknown}
 o - a potion of attraction {unknown}
 r - a potion of mutation {unknown}


   Skills:
 - Level 3.0 Fighting
 - Level 3.4 Maces & Flails
 * Level 4.0 Throwing
 - Level 3.0 Dodging
 - Level 2.6 Stealth
 + Level 2.6 Spellcasting


You had 9 spell levels left.
You didn't know any spells.
Your spell library was empty.

Dungeon Overview and Level Annotations

Branches:
Dungeon (3/15)

Altars:
Cheibriados
Xom


Innate Abilities, Weirdness & Mutations

You cannot wear most types of armour.
You are very stealthy in the water. (Stealth+)
You are amphibious.
You can wear up to eight rings at the same time.
You can use your tentacles to constrict eight enemies at once.
Your skin changes colour to match your surroundings (Stealth+).
Your rubbery body absorbs attacks. (AC +1, EV +1)


Message History

The kobold shouts!
A kobold is nearby!
A kobold is nearby!
A kobold comes into view. It is wielding a +0 dagger.
An ogre comes into view. It is wielding a +0 giant club.
The ogre shouts!
You hit the kobold.
You kill the kobold!
The ogre hits you with a +0 giant club!!
Ouch! That really hurt!
The kobold shouts!
You see here a +0 dagger.
You are too injured to fight recklessly!
There is an escape hatch in the ceiling here.
You see here 2 stones.
There is an open door here.
You miss the kobold. Your grab misses the kobold.
The ogre hits you with a +0 giant club!!
Ouch! That really hurt!
You die...

................ ....#####..
.........†...+......#..........
.........<######......#..........
..........#######....##........#.
.....###........#....##.........)
......##........#....##..........
......''........#....##..........
......##........#....##..........
......##........@....')..........
...............K#O####'####......
...........(.(..#.#....5..#....##
............)...#.###._.###......
#####.....#....(..#.......#......
........<.........####'####......
.................................
............###.................#
............# #..................


You could see an ogre and a kobold.

Vanquished Creatures
  3 crimson imps (D:3)
  Terence (D:3)
  3 adders
  An ooze (D:2)
  A worm (D:2)
  A leopard gecko (D:3)
  5 orcs (D:3)
  4 giant cockroaches
  6 goblins
  5 hobgoblins
  2 ball pythons
  3 bats
  3 frilled lizards
  6 kobolds
  6 rats
50 creatures vanquished.

Notes
Turn   | Place    | Note
-------+----------+-------------------------------------------
     0 | D:1      | Zeld the Octopode Monk began the quest for the Orb.
     0 | D:1      | Reached XP level 1. HP: 16/16 MP: 1/1
   614 | D:1      | Reached XP level 2. HP: 16/21 MP: 2/2
  1291 | D:2      | Reached skill level 1 in Spellcasting
  1328 | D:2      | Reached skill level 1 in Throwing
  1343 | D:2      | Reached XP level 3. HP: 24/26 MP: 4/4
  1858 | D:3      | Reached skill level 2 in Throwing
  1971 | D:3      | Found a shimmering altar of Xom.
  1982 | D:3      | Noticed Terence
  1987 | D:3      | Reached XP level 4. HP: 31/31 MP: 6/6
  2106 | D:3      | Found a snail-covered altar of Cheibriados.
  2147 | D:3      | Reached skill level 3 in Throwing
  2167 | D:3      | Reached XP level 5. HP: 14/36 MP: 8/8
  2393 | D:3      | Killed Terence
  2659 | D:3      | Reached skill level 4 in Throwing
  2756 | D:3      | Noticed an ogre
  2787 | D:3      | Mangled by an ogre

Illustrated notes

Levels and vault maps discovered:
D:1:      minmay_arrival_solitary_statue, layout_basic, minmay_pentomino_z4
D:2:      layout_basic, dk_noncrumbling_3
D:3:      layout_basic, overflow_temple_1_default, lemuel_doored_altar,
          hangedman_feature_mirror, led_xom_imps, uniq_terence

Skill      XL: |  1  2  3  4  5 |
---------------+----------------+-----
Spellcasting   | 1 2 |  2.6
Throwing       | 1 2 3 4 |  4.0
Fighting       | |  3.0
Maces & Flails | |  3.4
Dodging        | |  3.0
Stealth        | |  2.6

Action                   |  1- 3 |  4- 6 || total
-------------------------+-------+-------++-------
Melee: Mace              |    72 |    47 ||   119
       Constrict         |    18 |    14 ||    32
       Tentacles         |    13 |     8 ||    21
Throw: Dart              |       |    12 ||    12
 Stab: Sleeping          |     7 |     3 ||    10
Armor: Skin              |     7 |       ||     7
Dodge: Dodged            |    50 |    46 ||    96
